 Dungeon Crawl Stone Soup version 0.28-a0-750-g7c675f85b1 (webtiles) character file.

Game seed: 1487657701122289623

159 pokeman the Magician (level 5, -6/29 HPs)
             Began as a Deep Elf Hedge Wizard on Oct 29, 2021.
             Mangled by an orc (8 damage)
             ... on level 3 of the Dungeon.
             The game lasted 00:07:06 (2848 turns).

pokeman the Magician (Deep Elf Hedge Wizard)        Turns: 2848, Time: 00:07:06

Health: -6/29      AC:  3    Str:  7    XL:     5   Next: 17%
Magic:  2/15       EV: 13    Int: 20    God:
Gold:   20         SH:  0    Dex: 14    Spells: 4/16 levels left

rFire   . . .      SeeInvis .   h - +0 war axe
rCold   . . .      Faith    .   (no shield)
rNeg    . . .      Spirit   .   b - +0 robe
rPois   .          Reflect  .   l - +1 hat
rElec   .          Harm     .   (no cloak)
rCorr   .          Rampage  .   (no gloves)
Will    .....                   (no boots)
Stlth   ++........              (no amulet)
HPRegen 0.09/turn               (no ring)
MPRegen 0.14/turn               (no ring)

@: on blink cooldown
A: no striking features
a: no special abilities


You were on level 3 of the Dungeon.
You visited 1 branch of the dungeon, and saw 3 of its levels.

You collected 20 gold pieces.

Inventory:

Hand Weapons
 h - a +0 war axe (weapon)
Missiles
 f - 26 arrows
Armour
 a - a +0 helmet
 b - a +0 robe (worn)
 c - a +0 hat
 l - a +1 hat (worn)
Magical Staves
 p - a staff of poison
Scrolls
 e - a scroll of brand weapon {unknown}
 g - 3 scrolls of identify {unknown}
 k - 2 scrolls of noise {unknown}
 m - a scroll of enchant armour {unknown}
 n - a scroll of teleportation {unknown}
 o - a scroll of vulnerability {unknown}
 q - a scroll of enchant weapon {unknown}
Potions
 d - 2 potions of haste
 i - 2 potions of curing {unknown}
 j - a potion of flight {unknown}
 r - a potion of attraction {unknown}


   Skills:
 - Level 1.0 Fighting
 - Level 1.0 Armour
 - Level 3.0 Dodging
 + Level 2.6 Stealth
 * Level 6.1 Spellcasting
 + Level 2.5 Conjurations
 - Level 1.3 Hexes
 - Level 1.1 Summonings
 - Level 1.1 Translocations
 + Level 0.5 Fire Magic


You had 4 spell levels left.
You knew the following spells:

 Your Spells              Type           Power      Damage    Failure   Level
a - Magic Dart            Conj           64%        1d6       3%          1
b - Mephitic Cloud        Conj/Pois/Air  9%         N/A       22%         3
c - Call Imp              Summ           10%        N/A       10%         2
d - Blink                 Tloc           20%        N/A       10%         2
e - Conjure Flame         Conj/Fire      12%        6-21      17%         3
f - Slow                  Hex            44%        N/A       6%          1

Your spell library contained the following spells:

 Spells                   Type           Power      Damage    Failure   Level


Dungeon Overview and Level Annotations

Branches:
Dungeon (3/15)

Altars:

Annotations:
D:3 Natasha


Message History

Casting: Conjure Flame (quite dangerous; 17% risk of failure)
Confirm with . or Enter, or press ? or * to list all spells.
The spell is quite dangerous to cast (22% risk of failure)!
Continue anyway?
Aiming: Mephitic Cloud (quite dangerous; 22% risk of failure)
Press: ? - help, Shift-Dir - straight line, f - orc
Aim: an orc, wielding a +0 short sword (ally target, chance to affect: 96%)
The ball explodes into a vile cloud!
The stinking cloud engulfs the orc but does no damage. x2
You hear an angry hiss.
The orc is engulfed in noxious fumes.
The orc appears confused.
The orc misses the orc.
The orc hits itself with a +0 short sword.
Unknown command.
Unknown command.
Your crimson imp hits the rat.
The orc is engulfed in noxious fumes.
Unknown command.
Your crimson imp disappears in a puff of smoke!
The orc barely misses the orc.
Unknown command.
You barely miss the orc.
The orc is almost dead.
You hit the orc.
The orc is engulfed in blazing flames.
You kill the orc!
The orc hits you with a +0 dagger.
* * * LOW HITPOINT WARNING * * *
Unknown command.
You barely miss the orc.
The orc is almost dead.
You hit the orc. The orc hits you with a +0 war axe.
* * * LOW HITPOINT WARNING * * *
The orc hits you but does no damage. x2
Unknown command.
Casting: Mephitic Cloud (quite dangerous; 22% risk of failure)
Confirm with . or Enter, or press ? or * to list all spells.
You blink.
The goblin hits you with a +0 dagger.
* * * LOW HITPOINT WARNING * * *
Unknown command.
Natasha, Servant of Life and Death comes into view.
The goblin closely misses you. The orc hits you with a +0 war axe!
You die...

#).# #.# #.##.# #o.# #.#
#.##.# #o.# #.# #.##.#
#.)# #.# #.##.#
#..##########.# #.##.#
#.....ro)ยง.##.# #)##.#
#.....####o##h###.##.#
########.....go.........#
..............@..########
##################


You could see Natasha, 2 orcs and a goblin.

Vanquished Creatures
  Natasha (twice) (D:3)
  Robin (D:2)
  4 adders
  A worm (D:3)
  5 orcs (D:3)
  4 bats
  3 endoplasms (D:1)
  3 giant cockroaches
  10 goblins
  7 hobgoblins
  2 jackals (D:2)
  3 quokkas
  A ball python (D:2)
  3 frilled lizards
  3 kobolds
  2 rats (D:2)
54 creatures vanquished.

Notes
Turn   | Place    | Note
-------+----------+-------------------------------------------
     0 | D:1      | pokeman the Deep Elf Hedge Wizard began the quest for the
                  | Orb.
     0 | D:1      | Reached XP level 1. HP: 10/10 MP: 7/7
    43 | D:1      | You fall into a shaft and drop 1 floor!
   100 | D:2      | Reached XP level 2. HP: 14/16 MP: 2/9
   899 | D:1      | Reached skill level 5 in Spellcasting
  1132 | D:1      | Reached XP level 3. HP: 20/20 MP: 6/11
  1136 | D:1      | Learned a level 3 spell: Mephitic Cloud
  1139 | D:1      | Learned a level 2 spell: Blink
  1141 | D:1      | Learned a level 1 spell: Slow
  1145 | D:1      | Learned a level 3 spell: Conjure Flame
  1278 | D:1      | Learned a level 2 spell: Call Imp
  1580 | D:2      | Reached skill level 1 in Fighting
  1667 | D:2      | Reached skill level 1 in Armour
  2085 | D:2      | Noticed Robin
  2086 | D:2      | Reached XP level 4. HP: 25/25 MP: 11/13
  2094 | D:2      | Killed Robin
  2105 | D:2      | HP: 1/25 [hobgoblin[Robin] (4)]
  2519 | D:3      | Noticed Natasha
  2539 | D:3      | Reached skill level 1 in Hexes
  2539 | D:3      | Killed Natasha
  2727 | D:3      | Noticed Natasha
  2742 | D:3      | Killed Natasha
  2743 | D:3      | Reached skill level 6 in Spellcasting
  2743 | D:3      | Reached XP level 5. HP: 29/29 MP: 9/15
  2848 | D:3      | Noticed Natasha
  2848 | D:3      | Mangled by an orc

Illustrated notes

Levels and vault maps discovered:
D:1:      lightli_arrival_statuegarden, layout_loops_ring
D:2:      layout_rooms, uniq_robin
D:3:      layout_loops_ring, overflow_temple_1_default,
          gammafunk_ghost_necromancy, uniq_natasha

Skill      XL: |  1  2  3  4 |
---------------+-------------+-----
Spellcasting   | 5 6 |  6.1
Fighting       | 1 |  1.0
Armour         | 1 |  1.0
Conjurations   | 2 |  2.5
Hexes          | 1 |  1.3
Dodging        | 3 |  3.0
Stealth        | |  2.6
Summonings     | |  1.1
Translocations | |  1.1
Fire Magic     | |  0.5

Action                   |  1- 3 |  4- 6 || total
-------------------------+-------+-------++-------
Melee: Spear             |     9 |       ||     9
       War axe           |     3 |    29 ||    32
 Cast: Magic Dart        |    95 |    25 ||   120
       Call Imp          |     1 |     1 ||     2
       Mephitic Cloud    |       |     4 ||     4
       Conjure Flame     |       |     3 ||     3
       Blink             |       |     1 ||     1
  Use: Potion            |       |     1 ||     1
 Stab: Sleeping          |     1 |       ||     1
Armor: Robe              |     4 |     4 ||     8
Dodge: Dodged            |    32 |    22 ||    54

Table legend: (Time is in decaauts)
 A = Elapsed time spent in this place.
 B = Non-inter-level travel time spent in this place.
 C = Inter-level travel time spent in this place.
 D = Time resting spent in this place.
 E = Time spent auto-exploring this place.
 F = Levels seen in this place.
 G = Mean time per level.
                   A        B        C        D        E       F      G
               +--------+--------+--------+--------+--------+-----+--------+
         Total |   2864 |   2785 |     79 |    132 |   2227 |   3 |  954.7 |
       Dungeon |   2864 |   2785 |     79 |    132 |   2227 |   3 |  954.7 |
               +--------+--------+--------+--------+--------+-----+--------+

Top non-repeatable levels by time:
     D:1: 1266 daAuts
     D:2: 1148 daAuts
     D:3: 449 daAuts
